 Dungeon Crawl Stone Soup version 0.30.1-3-gfc49f6343a (webtiles) character file.

Game seed: 7732364338549220313

216 sampeng1 the Shield-Bearer (level 6, -4/43 (48) HPs)
             Began as a Human Fighter on July 30, 2023.
             Was an Initiate of Okawaru.
             Slain by Duvessa
             ... wielding a +2 rapier of draining
              (8 damage)
             ... on level 4 of the Dungeon.
             The game lasted 00:13:24 (3309 turns).

sampeng1 the Shield-Bearer (Human Fighter)          Turns: 3309, Time: 00:13:25

HP:   -4/43 (48)    AC:  9    Str: 24    XL:     6   Next: 16%
MP:   15/15         EV:  9    Int:  9    God:    Okawaru [......]
Gold: 205           SH:  4    Dex: 10    Spells: 5/5 levels left

rFire   . . .        a - +0 war axe
rCold   + . .        c - +0 buckler
rNeg    . . .        n - +1 scale mail "Kub Uqic" {MP+9 SInv}
rPois   .            (no helmet)
rElec   .            (no cloak)
rCorr   .            m - +0 pair of gloves
SInv    +            (no boots)
Will    .....        (no amulet) Stlth
                     j - +6 ring of strength
HPRegen 0.27/turn    (no ring)
MPRegen 0.14/turn

%: no passive effects
@: hasted, heavily drained, very quick
A: clumsy 1, cold resistance 1
a: Renounce Religion


You were on level 4 of the Dungeon.
You worshipped Okawaru.
Okawaru was noncommittal.
You visited 2 branches of the dungeon, and saw 5 of its levels.

You collected 205 gold pieces.

Inventory:

Hand Weapons
 a - a +0 war axe (weapon)
Missiles
 e - 6 javelins (quivered)
Armour
 b - a +0 scale mail
 c - a +0 buckler (worn)
 m - a +0 pair of gloves (worn)
 n - the +1 scale mail "Kub Uqic" (worn) {MP+9 SInv}
   (You found it on level 3 of the Dungeon)

   MP:        It affects your magic capacity (+9).
   SInv:      It lets you see invisible.
Jewellery
 j - a +6 ring of strength (left hand)
Scrolls
 f - a scroll of amnesia
 i - 2 scrolls of identify
Potions
 d - a potion of might
 g - 3 potions of curing
 k - a potion of attraction {unknown}
 o - a potion of heal wounds {unknown}


   Skills:
 + Level 4.1 Fighting
 + Level 3.3 Axes
 + Level 4.1 Armour
 + Level 4.1 Shields


You had 5 spell levels left.
You didn't know any spells.
Your spell library contained the following spells:

 Spells                   Type           Power      Damage    Failure   Level
 Freeze                   Ice            0%         1d3       75%         1
 Necrotise                Necr           0%         1d4       75%         1
 Cigotuvi's Dreadful Rot  Necr/Pois/Air  0%         N/A       86%         2
 Frozen Ramparts          Ice            0%         1d1       98%         3
 Hailstorm                Conj/Ice       0%         3d3       98%         3
 Vampiric Draining        Necr           0%         2d6       98%         3
 Dispel Undead            Necr           0%         3d6       100%        4
 Agony                    Necr           0%         N/A       100%        5
 Death Channel            Necr           Unusable   N/A       N/A         6

Dungeon Overview and Level Annotations

Branches:
Dungeon (4/15)             Temple (1/1) D:4

Altars:
Ashenzari
Cheibriados
Hepliaklqana
Makhleb
Nemelex Xobeh
Okawaru
Sif Muna
Trog
Uskayaw
Vehumet
Xom
Yredelemnul
Zin
The Shining One

Annotations:
D:4 Duvessa


Innate Abilities, Weirdness & Mutations

You are clumsy. (Dex -2)
Your flesh is cold resistant. (rC+)


Message History

Dowan is severely wounded.
Dowan closely misses you.
You slash Dowan!
You kill Dowan!
Okawaru accepts your kill.
You hear a distant scream of rage.
Duvessa, Sister of Dowan comes into view.
She is wielding a +2 rapier of draining and carrying a wand of quicksilver (4).
Your Fighting skill increases to level 4!
Your Armour skill increases to level 4!
Your Shields skill increases to level 4!
You have reached level 6!
Okay, then.
Duvessa shouts!
Duvessa goes berserk!
Things that are here:
a +0 dagger; a +0 robe; the elf corpse of Dowan Duvessa barely misses you.
You block Duvessa's attack.
You barely miss Duvessa. You block Duvessa's attack.
Duvessa hits you with a +2 rapier of draining!!
You feel drained.
* * * LOW HITPOINT WARNING * * *
You feel better. You block Duvessa's attack.
You feel yourself speed up. Duvessa barely misses you.
Duvessa hits you with a +2 rapier of draining!
* * * LOW HITPOINT WARNING * * *
You feel drained.
* * * LOW HITPOINT WARNING * * *
You hit Duvessa.
Duvessa is lightly wounded.
Duvessa hits you but does no damage.
You feel drained.
You hit Duvessa.
Duvessa is lightly wounded.
You block Duvessa's attack.
You hit Duvessa.
Duvessa is moderately wounded.
Duvessa hits you with a +2 rapier of draining.
* * * LOW HITPOINT WARNING * * *
You feel drained.
Duvessa hits you with a +2 rapier of draining!
You die...

####### ......#
#####.#######
##..........#######.#
...............)@e..#
##.##.#####.######..#
##.##.# #.# .#
......# #.# # ...####
#.# ........ #.#
##.####. #.# #.# #..
..#


You could see Duvessa (berserk).

Vanquished Creatures
  Dowan (D:4)
  6 adders
  A white imp (D:4)
  2 worms (D:2)
  5 dart slugs
  5 orcs (D:4)
  6 endoplasms
  7 giant cockroaches
  4 goblins
  5 hobgoblins
  7 jackals
  3 quokkas
  7 ball pythons
  8 bats
  3 frilled lizards
  8 kobolds
  3 rats (D:1)
81 creatures vanquished.

Notes
Turn   | Place    | Note
-------+----------+-------------------------------------------
     0 | D:1      | sampeng1 the Human Fighter began the quest for the Orb.
     0 | D:1      | Reached XP level 1. HP: 18/18 MP: 1/1
     1 | D:1      | Noticed an electric eel
    67 | D:1      | Reached XP level 2. HP: 24/24 MP: 2/2
   242 | D:1      | You fall into a shaft and drop 1 floor!
   249 | D:2      | Reached XP level 3. HP: 28/29 MP: 3/3
   982 | D:1      | Gained mutation: You are clumsy. (Dex -2) [potion of
                  | mutation]
   982 | D:1      | Gained mutation: Your flesh is cold resistant. (rC+)
                  | [potion of mutation]
  1054 | D:2      | Reached XP level 4. HP: 35/35 MP: 4/4
  1540 | D:2      | Reached XP level 5. HP: 42/42 MP: 5/5
  2296 | D:3      | Identified the +1 scale mail "Kub Uqic" {MP+9 SInv}
  2473 | D:3      | Identified the +0 leather armour of Snakes and Ladders
                  | {Str+3 Dex+4}
  2846 | D:4      | Found a staircase to the Ecumenical Temple.
  2890 | Temple   | Entered the Ecumenical Temple
  3001 | Temple   | Became a worshipper of Warmaster Okawaru
  3190 | D:4      | Found a shimmering altar of Xom.
  3294 | D:4      | Noticed Dowan
  3301 | D:4      | Killed Dowan
  3301 | D:4      | Noticed Duvessa
  3302 | D:4      | Reached XP level 6. HP: 36/48 MP: 6/6
  3309 | D:4      | Slain by Duvessa

Illustrated notes

Levels and vault maps discovered:
D:1:      arrival_aquarium_a, layout_basic, chequers_serial_rivers_small_3
D:2:      layout_loops_cross
D:3:      layout_basic
D:4:      layout_loops_ring, xom_teletrap_fun, temple_pool_b, uniq_duvessa,
          uniq_natasha
Temple:   nicolae_temple_bog_church

Skill      XL: |  1  2  3  4  5 |
---------------+----------------+-----
Axes           | 3 |  3.3
Fighting       | 4 |  4.1
Armour         | 4 |  4.1
Shields        | 4 |  4.1

Action                     |  1- 3 |  4- 6 || total
---------------------------+-------+-------++-------
  Melee: War axe           |    84 |   148 ||   232
  Throw: Javelin           |       |     1 ||     1
    Use: Potion            |     5 |     3 ||     8
         Scroll            |     3 |     3 ||     6
 Armour: Scale mail        |    52 |    88 ||   140
  Dodge: Dodged            |    53 |    70 ||   123
  Block: Buckler           |    16 |    32 ||    48
